cohdb
Replays
Latest Replays
All Replays
Popular Replays
Top Player Replays
Match Explorer
How It Works
Community
CoH3 Stats
Reddit
Sign in to upload your games and track your stats! →
Sign in with Steam
Match 40054197
Unlisted
Match 40054197
Overview
Messages
Build Orders
End
Selects Airborne Battlegroup
Selects Heavy Machine Gun Paradrop
Heavy Machine Gun Paradrop
Engineer Squad
Construct Barracks
Riflemen Squad
Riflemen Squad
Grenade Package
Selects Paratrooper Squad Paradrop
Paratrooper Squad Paradrop
Riflemen Squad
Construct Medical Station
Paratrooper Squad Paradrop
MarkEsVonHinten
Papa Smurf
Saueee
Strategos
0
0
Comments
sign in to comment!
No comments posted yet!